 Dungeon Crawl Stone Soup version 0.29.1-13-g9f3cf754e1 (webtiles) character file.

Game seed: 14457262564785249575

1809 MisterFreud the Cruncher (level 9, -1/68 HPs)
             Began as a Formicid Gladiator on Jan 24, 2023.
             Was an Initiate of Yredelemnul.
             Slain by a killer bee (2 damage)
             ... on level 11 of the Dungeon.
             The game lasted 00:09:52 (8931 turns).

MisterFreud the Cruncher (Formicid Gladiator)       Turns: 8931, Time: 00:09:53

Health: -1/68      AC:  5    Str: 20    XL:     9   Next: 31%
Magic:  12/12      EV: 12    Int:  9    God:    Yredelemnul [......]
Gold:   350        SH:  0    Dex: 17    Spells: 8/8 levels left

rFire   . . .      SeeInvis +   a - +1 quarterstaff
rCold   . . .      Faith    .   (no shield)
rNeg    + . .      Spirit   .   b - +1 leather armour
rPois   .          Reflect  .   (helmet unavailable)
rElec   .          Harm     .   (no cloak)
rCorr   .          Rampage  .   h - +0 pair of gloves
Will    .....                   (no boots)
Stlth   +.........              v - amulet of regeneration
HPRegen 1.01/turn               k - ring of positive energy
MPRegen 0.13/turn               (no ring)

@: lethally poisoned (-1 -> -2)
A: permanent stasis, dig shafts and tunnels, antennae 3, four strong arms
a: Dig, Shaft Self, Renounce Religion, Recall Undead Harvest


You were on level 11 of the Dungeon.
You worshipped Yredelemnul.
Yredelemnul was noncommittal.
You visited 1 branch of the dungeon, and saw 10 of its levels.

You collected 350 gold pieces.

Inventory:

Hand Weapons
 a - a +1 quarterstaff (weapon)
Missiles
 c - 3 throwing nets (quivered)
 d - a javelin
 s - 4 boomerangs
 w - 4 poisoned darts
Armour
 b - a +1 leather armour (worn)
 h - a +0 pair of gloves (worn)
Jewellery
 k - a ring of positive energy (left hand)
 v - an amulet of regeneration (around neck)
Wands
 t - a wand of flame (14)
Scrolls
 g - a scroll of enchant armour
 j - 2 scrolls of amnesia
 n - a scroll of butterflies
 p - a scroll of summoning
Potions
 e - 7 potions of curing
 f - a potion of resistance {unknown}
 i - 2 potions of might
 l - 2 potions of lignification
 m - 2 potions of cancellation {unknown}
 o - 2 potions of degeneration {unknown}
 q - 2 potions of brilliance {unknown}
 r - a potion of ambrosia {unknown}
 u - a potion of attraction {unknown}


   Skills:
 - Level 5.0 Fighting
 + Level 9.1 Staves
 - Level 2.0 Throwing
 - Level 5.0 Armour
 - Level 2.6 Dodging
 + Level 5.0 Invocations


You had 8 spell levels left.
You didn't know any spells.
Your spell library contained the following spells:

 Spells                   Type           Power      Damage    Failure   Level
 Magic Dart               Conj           0%         1d3       43%         1
 Sandblast                Erth           0%         2d4       43%         1
 Sting                    Tmut/Pois      0%         1d3       43%         1
 Ensorcelled Hibernation  Hex/Ice        0%         N/A       56%         2
 Passwall                 Tmut/Erth      0%         N/A       56%         2
 Poisonous Vapours        Pois/Air       0%         N/A       56%         2
 Searing Ray              Conj           0%         2d4       56%         2
 Spider Form              Tmut/Pois      0%         N/A       80%         3
 Stone Arrow              Conj/Erth      0%         3d7       80%         3
 Anguish                  Hex/Necr       0%         N/A       99%         4
 Fulminant Prism          Conj/Hex       0%         3d6       99%         4
 Olgreb's Toxic Radiance  Pois           0%         N/A       99%         4
 Summon Forest            Summ/Tloc      0%         N/A       100%        5
 Summon Mana Viper        Hex/Summ       0%         N/A       100%        5
 Summon Cactus Giant      Summ           0%         N/A       100%        6


Dungeon Overview and Level Annotations

Branches:
Dungeon (13/15)              Lair (0/5) D:11
 Temple: D:4-7          Orc: D:9-12      Vaults: D:13-14

Altars:
Dithmenos
Yredelemnul
The Shining One

Shops:
D:1 [   D:3 =   D:4 [   D:13 [


Innate Abilities, Weirdness & Mutations

You cannot be hasted, slowed, berserked, paralysed or teleported.
You can dig through walls and to a lower floor.
You have a pair of large antennae on your head. (SInv)
Your four strong arms can wield two-handed weapons with a shield.


Message History

You are poisoned.
The killer bee poisons you!
The killer bee stings you but does no damage.
The killer bee attacks as you move away!
The killer bee stings you.
You are more poisoned.
The killer bee poisons you!
You feel very sick. The killer bee misses you.
The killer bee barely misses you. The killer bee misses you.
The killer bee closely misses you. The killer bee stings you!
The killer bee attacks as you move away!
The killer bee stings you.
The killer bee attacks as you move away!
The killer bee stings you.
The killer bee attacks as you move away!
The killer bee stings you.
You feel very sick.
The killer bee stings you but does no damage.
The killer bee closely misses you. The killer bee misses you.
The killer bee completely misses you.
The killer bee attacks as you move away!
The killer bee stings you but does no damage.
The killer bee attacks as you move away!
The killer bee closely misses you.
You feel very sick. The killer bee stings you.
The killer bee barely misses you. x2
The killer bee stings you. The killer bee stings you!
* * * LOW HITPOINT WARNING * * *
The killer bee misses you.
Okay, then.
The killer bee attacks as you move away!
The killer bee stings you!
* * * LOW HITPOINT WARNING * * *
The killer bee attacks as you move away!
The killer bee stings you.
* * * LOW HITPOINT WARNING * * *
x2 You feel sick.
The killer bee stings you.
You die...
Your body rises from the dead as a mindless zombie.

#>.##.............
#.#............$.
#................
##................
##.................
##..................
##..................#
##...yy...............
##....@yy..............
##.....yy...............
##.......................
##........................
##................#........
##................###.......
#..................# ....#..
#................... ...###.
#.............. ..#..


You could see 6 killer bees.

Vanquished Creatures
  2 black bears
  An ogre (D:6)
  A phantom (D:5)
  Blork the orc (D:5)
  2 necrophages
  4 scorpions
  2 bullfrogs (D:6)
  2 jellies (D:5)
  4 orc priests
  A gnoll bouda (D:6)
  2 hounds (D:6)
  2 iguanas
  3 orc wizards
  Robin (D:3)
  7 gnolls
  4 adders
  A river rat (D:5)
  A shadow imp (D:5)
  2 worms
  2 dart slugs
  13 orcs
  7 ball pythons
  8 bats
  7 endoplasms
  3 giant cockroaches
  13 goblins
  9 hobgoblins
  9 jackals
  3 quokkas
  13 frilled lizards
  7 kobolds
  4 rats
141 creatures vanquished.

Vanquished Creatures (collateral kills)
  An orc warrior (D:6)
  A phantom (D:5)
  A jelly (D:4)
  A hound (D:5)
  An adder (D:5)
  2 gnolls (D:6)
  3 orcs (D:6)
  A giant cockroach (D:5)
  2 goblins (D:3)
  A hobgoblin (D:3)
  A ball python (D:5)
  A rat (D:5)
16 creatures vanquished.

Vanquished Creatures (others)
  2 adder zombies
  A bat zombie (D:3)
  An endoplasm zombie (D:3)
  2 goblin zombies (D:3)
  A hobgoblin zombie (D:3)
  A jackal zombie (D:5)
  6 orc zombies
  2 quokka zombies
  5 plants (D:4)
21 creatures vanquished.

Grand Total: 178 creatures vanquished

Notes
Turn   | Place    | Note
-------+----------+-------------------------------------------
     0 | D:1      | MisterFreud the Formicid Gladiator began the quest for the
                  | Orb.
     0 | D:1      | Reached XP level 1. HP: 16/16 MP: 1/1
   110 | D:1      | Reached XP level 2. HP: 20/22 MP: 2/2
   156 | D:1      | Found a faded altar of an unknown god.
   556 | D:1      | Reached skill level 4 in Staves
   556 | D:1      | Reached XP level 3. HP: 22/23 MP: 3/3
   614 | D:1      | Found Godeinext's Antique Armour Shop.
  1195 | D:2      | You fall into a shaft and drop 2 floors!
  1466 | D:4      | Found a basalt altar of Yredelemnul.
  1490 | D:4      | Became a worshipper of Yredelemnul the Dark
  1868 | D:3      | Reached * piety under Yredelemnul
  1872 | D:3      | Reached XP level 4. HP: 4/33 MP: 4/4
  1994 | D:3      | You fall into a shaft and drop 3 floors!
  2212 | D:6      | Reached skill level 5 in Staves
  2270 | D:5      | Entered Level 5 of the Dungeon
  2318 | D:5      | Found a shadowy altar of Dithmenos.
  2319 | D:5      | Noticed a scorpion
  2513 | D:6      | Reached XP level 5. HP: 26/38 MP: 5/5
  2660 | D:5      | Reached skill level 6 in Staves
  2660 | D:5      | Reached XP level 6. HP: 33/46 MP: 6/6
  2864 | D:5      | Noticed a black bear
  2875 | D:5      | Killed a black bear
  2876 | D:5      | Reached skill level 5 in Fighting
  2876 | D:5      | Reached XP level 7. HP: 48/56 MP: 7/7
  2964 | D:5      | Reached ** piety under Yredelemnul
  2970 | D:5      | Reached skill level 1 in Armour
  3114 | D:5      | Reached *** piety under Yredelemnul
  4114 | D:3      | Found Igusaola's Jewellery Boutique.
  4245 | D:3      | Noticed Robin
  4265 | D:3      | Killed Robin
  4530 | D:3      | Reached XP level 8. HP: 60/62 MP: 8/8
  4590 | D:3      | You fall into a shaft and drop 1 floor!
  4926 | D:4      | Reached skill level 7 in Staves
  5015 | D:4      | Found Fudaucas's Armour Boutique.
  5024 | D:4      | Reached skill level 1 in Invocations
  5122 | D:4      | Found a glowing golden altar of the Shining One.
  6640 | D:5      | Noticed Blork the orc
  6650 | D:5      | Killed Blork the orc
  7101 | D:6      | Reached skill level 5 in Armour
  7288 | D:6      | Reached skill level 8 in Staves
  7288 | D:6      | Reached XP level 9. HP: 68/68 MP: 10/12
  7418 | D:6      | Reached skill level 5 in Invocations
  7947 | D:6      | Reached skill level 9 in Staves
  7957 | D:6      | Reached **** piety under Yredelemnul
  8286 | D:6      | You fall into a shaft and drop 3 floors!
  8313 | D:9      | You fall into a shaft and drop 3 floors!
  8719 | D:11     | Noticed a troll
  8723 | D:11     | You fall into a shaft and drop 2 floors!
  8844 | D:13     | Found Kyho's Armour Shoppe.
  8847 | D:13     | Noticed a slime creature
  8888 | D:11     | Found a staircase to the Lair.
  8916 | D:11     | Noticed a cyclops
  8931 | D:11     | HP: 2/68 [killer bee (6)]
  8931 | D:11     | Slain by a killer bee

Illustrated notes

Levels and vault maps discovered:
D:1:      lightli_arrival_statuegarden, layout_loops_ring, serial_shops, shop,
          ebering_ecumenical_altar_mist, minmay_hedge_maze
D:2:      layout_basic, grunt_ministairs_6
D:3:      layout_basic, serial_shops, nicolae_shop_behind_doors,
          nicolae_elevator_lobby_asterisk, uniq_robin
D:4:      layout_loops_ring, mainiacjoe_overflow_chevrons,
          mainiacjoe_overflow_concentric_impassable, serial_shops,
          nicolae_shop_advertising_works [nicolae_subvault_shop_adworks],
          minmay_lizard_king
D:5:      layout_rooms, overflow_temple_1_default, serial_glass,
          glass_columns_a, glass_columns_a, portal_sewer_entry_b,
          uniq_blork_the_orc
D:6:      layout_gridville
D:9:      lemuel_ice_statue, layout_gridville, serial_shops, shop,
          serial_bayou_pond_a, kennysheep_generic_room_6, uniq_joseph
D:11:     layout_big_octagon, lair_entry_dummy, orc_0_dummy
D:12:     layout_loops_corners
D:13:     layout_basic, serial_shops, shop

Skill      XL: |  1  2  3  4  5  6  7  8  9 |
---------------+----------------------------+-----
Staves         | 4 5 6 8 9 |  9.1
Fighting       | 5 |  5.0
Armour         | 3 5 |  5.0
Invocations    | 4 5 |  5.0
Throwing       | |  2.0
Dodging        | |  2.6

Action                   |  1- 3 |  4- 6 |  7- 9 || total
-------------------------+-------+-------+-------++-------
Melee: Quarterstaff      |   104 |    49 |   285 ||   438
       Punch             |     1 |     2 |     5 ||     8
Throw: Javelin           |       |     1 |       ||     1
 Abil: Dig               |     1 |       |       ||     1
       Shaft Self        |     1 |     1 |     3 ||     5
  Use: Scroll            |     6 |       |     8 ||    14
       Potion            |       |     1 |       ||     1
 Stab: Sleeping          |       |       |     3 ||     3
       Distracted        |       |       |     1 ||     1
Armor: Leather armour    |    31 |    20 |    87 ||   138
Dodge: Dodged            |    65 |    31 |   180 ||   276
